 Dungeon Crawl Stone Soup version 0.30-a0-800-g7c544603b3 (webtiles) character file.

Game seed: 2082383873899104828

2736 sircluck the Cleaver (level 9, -1/80 HPs)
             Began as a Hill Orc Fighter on Feb 21, 2023.
             Was a Follower of Ashenzari.
             Slain by a yak (9 damage)
             ... on level 7 of the Dungeon on Feb 22, 2023.
             The game lasted 00:19:19 (6632 turns).

sircluck the Cleaver (Hill Orc Fighter)             Turns: 6632, Time: 00:19:20

Health: -1/80      AC: 14    Str: 29    XL:     9   Next: 67%
Magic:  9/9        EV:  9    Int:  8    God:    Ashenzari [*.....]
Gold:   208        SH:  0    Dex: 13    Spells: 8/8 levels left

rFire   . . .      SeeInvis .    g - +0 broad axe (elec)
rCold   . . .      Faith    .    c - +0 buckler
rNeg    . . .      Spirit   .    f - +0 chain mail
rPois   .          Reflect  .    o - +1 helmet of Ashenzari's Moon {Self, Comp} (curse)
rElec   .          Harm     .    (no cloak)
rCorr   .          Rampage  .    G - +0 pair of gloves {Dex+3}
Will    .....                    (no boots) Stlth
                                 (no amulet)
HPRegen 0.33/turn                l - ring of the Restrained Failure {Str+6, Fort, Alch} (curse)
MPRegen 0.11/turn                (no ring)

@: confused, ambrosia-drunk
A: no striking features
a: Renounce Religion, Shatter the Chains


You were on level 7 of the Dungeon.
You worshipped Ashenzari.
Ashenzari was aware of your devotion.
You visited 1 branch of the dungeon, and saw 8 of its levels.

You collected 208 gold pieces.

Inventory:

Hand Weapons
 a - a +0 war axe
 g - a +0 broad axe of electrocution (weapon)
Missiles
 k - 5 boomerangs (quivered)
 p - 6 silver javelins
 v - 37 stones
 z - 5 curare-tipped darts
 B - 4 poisoned darts
Armour
 b - a +0 scale mail
 c - a +0 buckler (worn)
 f - a +0 chain mail (worn)
 o - the cursed +1 helmet of Ashenzari's Moon (worn) {Self, Comp}
   (You found it on level 2 of the Dungeon)

   It has a curse which improves the following skills: Introspection: Fighting
   and Spellcasting.
   Companions: Summonings and Necromancy.
 r - a +0 pair of gloves
 G - a +0 pair of gloves of dexterity (worn)
Magical Staves
 i - a staff of death
Jewellery
 l - the cursed ring of the Restrained Failure (left hand) {Str+6, Fort, Alch}
   (You found it on level 1 of the Dungeon)

   [ring of strength]

   Str:       It affects your strength (+6).
   It has a curse which improves the following skills: Fortitude: Armour and
   Shields.
   Alchemy:   Poison Magic and Transmutations.
 u - a +6 ring of intelligence
 A - a +4 ring of slaying
 D - the amulet of Elemental Vulnerability {rPois rF-- rC-- AC+8}
   (You found it on level 7 of the Dungeon)

   [amulet of nothing]

   AC:        It affects your AC (+8).
   rF:        It makes you very vulnerable to fire.
   rC:        It makes you very vulnerable to cold.
   rPois:     It protects you from poison.
Wands
 h - a wand of mindburst (9)
 F - a wand of roots (6)
 H - a wand of charming (7)
Scrolls
 d - 2 scrolls of fear
 e - 2 scrolls of vulnerability
 m - 6 scrolls of identify
 n - a scroll of fog
 t - a scroll of poison
 x - a scroll of torment
 y - a scroll of silence
 E - a scroll of enchant armour
 J - 2 scrolls of teleportation
 L - 2 scrolls of noise
Potions
 j - a potion of degeneration
 q - a potion of mutation
 s - 3 potions of brilliance
 w - a potion of haste
 C - a potion of might
 K - 2 potions of lignification


   Skills:
 + Level 6.8(7.7) Fighting
 + Level 12.1 Axes
 + Level 7.0(7.9) Armour
 + Level 2.2 Dodging
 + Level 0.3 Stealth
 + Level 5.6(6.4) Shields
 + Level 0.8 Evocations


You had 8 spell levels left.
You didn't know any spells.
Your spell library contained the following spells:

 Spells                   Type           Power      Damage    Failure   Level
 Beastly Appendage        Tmut           0%         N/A       94%         1
 Shock                    Conj/Air       0%         1d3       94%         1
 Summon Small Mammal      Summ           0%         N/A       94%         1
 Blink                    Tloc           0%         N/A       98%         2
 Lesser Beckoning         Tloc           0%         N/A       98%         2
 Momentum Strike          Conj/Tloc      0%         3d8       98%         2
 Wereblood                Tmut           0%         N/A       98%         2
 Gell's Gravitas          Tloc           0%         N/A       100%        3
 Ozocubu's Armour         Ice            0%         N/A       100%        3
 Spider Form              Tmut/Pois      0%         N/A       100%        3
 Swiftness                Air            0%         N/A       100%        3
 Teleport Other           Tloc           0%         N/A       100%        3
 Airstrike                Air            0%         2d(0-16)  100%        4
 Metabolic Englaciation   Hex/Ice        0%         N/A       100%        5
 Dispersal                Tloc           0%         N/A       100%        6
 Simulacrum               Ice/Necr       0%         N/A       100%        6
 Chain Lightning          Conj/Air       0%         N/A       100%        9
 Fire Storm               Conj/Fire      0%         5d1       100%        9


Dungeon Overview and Level Annotations

Branches:
Dungeon (8/15)             Temple (0/1) D:5
   Lair: D:8-11

Altars:
Ashenzari
Cheibriados
Gozag
Hepliaklqana
Nemelex Xobeh
Sif Muna
Vehumet
Wu Jian
Yredelemnul

Shops:
D:2 ?   D:3 ?   D:7 *


Message History

There is a stone staircase leading down, spattered with blood here.
You are too injured to fight recklessly!
You are too injured to fight recklessly!
You are too injured to fight recklessly!
You are too injured to fight recklessly!
You are too injured to fight recklessly!
You are too injured to fight recklessly!
You hit the yak.
The yak is lightly wounded.
You barely miss the yak. x2; You closely miss the yak.
The yak gores you. x3
You block the yak's attack.
You barely miss the yak.
The yak is lightly wounded.
You hit the yak. Lightning courses through the yak!! You hit the yak.
You hit the yak but do no damage. The yak gores you but does no damage.
The yak gores you!
* * * LOW HITPOINT WARNING * * *
The yak gores you.
* * * LOW HITPOINT WARNING * * *
The yak gores you but does no damage.
You slice the yak!! Lightning courses through the yak!
The yak is almost dead.
You barely miss the yak. You hit the yak. You slash the yak! The yak gores you!
* * * LOW HITPOINT WARNING * * *
The yak gores you but does no damage. x2; The yak completely misses you.
You are confused.
You feel invigorated.
The yak gores you but does no damage. x2
The yak gores you.
* * * LOW HITPOINT WARNING * * *
The yak misses you.
Welcome back, sircluck the Hill Orc Fighter.
Ashenzari says: Partake of my vision.
Partake of my curse.
Press ? for a list of commands and other information.
Welcome back, sircluck the Hill Orc Fighter.
Ashenzari says: Partake of my vision.
Partake of my curse.
Press ? for a list of commands and other information.
You are more confused.
You feel more invigorated. The yak gores you but does no damage.
The yak gores you!
You die...

...#...# ...#...# .......#
#########
.......#####.......#
.....†.....#.#...#.########
#####.####.#.#...#.#......#
##......>.........####.#
#............Y...## #.#
#..)[[#......@...# #.#
#..)).#.....YYY.## #.###
#..[.....##...### #...#
####.....##.##.....# ###.#
..###.......##.....# #.#
..........##.......# #.#
..#.##..#.##.#.....# #.#
###.##.......#.....# ##.#
#........######### #..#


You could see 4 yaks.

Vanquished Creatures
  The ghost of necrobotica the Sneak, a novice SpEn of Dithmenos (D:6)
  Grinder (D:4)
  A yak (D:7)
  A wyvern (D:7)
  Eustachio (D:4)
  A water moccasin (D:7)
  2 ice beasts (D:6)
  A sky beast (D:7)
  2 black bears (D:7)
  A phantom (D:4)
  A bullfrog (D:7)
  A necrophage (D:5)
  3 scorpions
  6 killer bees (D:6)
  5 hounds
  4 orc priests
  A jelly (D:5)
  Terence (D:2)
  An iguana (D:6)
  3 orc wizards
  8 gnolls
  5 adders
  A shadow imp (D:7)
  A white imp (D:6)
  An ufetubus (D:5)
  A worm (D:2)
  4 dart slugs
  31 orcs
  3 bats
  3 endoplasms
  5 goblins
  7 hobgoblins
  4 jackals (D:3)
  2 quokkas
  6 ball pythons
  4 frilled lizards
  5 kobolds
  5 rats
134 creatures vanquished.

Notes
Turn   | Place    | Note
-------+----------+-------------------------------------------
     0 | D:1      | sircluck the Hill Orc Fighter began the quest for the Orb.
     0 | D:1      | Reached XP level 1. HP: 19/19 MP: 1/1
    55 | D:1      | Reached XP level 2. HP: 26/27 MP: 2/2
   263 | D:1      | Found a faded altar of an unknown god.
   450 | D:1      | Reached skill level 3 in Axes
   511 | D:1      | Reached XP level 3. HP: 34/34 MP: 3/3
  1145 | D:2      | Got the Information on Gathered Trauma
  1221 | D:2      | Noticed Terence
  1228 | D:2      | Killed Terence
  1229 | D:2      | Reached skill level 4 in Axes
  1229 | D:2      | Reached XP level 4. HP: 28/41 MP: 4/4
  1282 | D:2      | Found Voan Ewie's Magic Scroll Shop.
  2185 | D:3      | Found Fethimea's Magic Scroll Emporium.
  2298 | D:3      | Reached XP level 5. HP: 37/47 MP: 5/5
  2702 | D:3      | Found a radiant altar of Vehumet.
  2711 | D:3      | Found a basalt altar of Yredelemnul.
  2717 | D:3      | Found an ornate altar of the Wu Jian Council.
  2724 | D:3      | Found a snail-covered altar of Cheibriados.
  2730 | D:3      | Found a hazy altar of Hepliaklqana.
  2737 | D:3      | Found a shimmering blue altar of Sif Muna.
  2743 | D:3      | Found a broken altar of Ashenzari.
  2989 | D:3      | Became a worshipper of Ashenzari the Shackled
  3347 | D:4      | Reached skill level 5 in Axes
  3630 | D:4      | Noticed Eustachio
  3631 | D:4      | Noticed Grinder
  3660 | D:4      | Paralysed by Grinder for 2 turns
  3668 | D:4      | HP: 3/70 [Grinder (2)]
  3676 | D:4      | Killed Eustachio
  3677 | D:4      | Reached skill level 6 in Axes
  3677 | D:4      | Reached XP level 6. HP: 6/55 MP: 6/6
  3677 | D:4      | Killed Grinder
  3678 | D:4      | Reached skill level 5 in Fighting
  3678 | D:4      | Reached skill level 5 in Armour
  3678 | D:4      | Reached skill level 1 in Dodging
  3678 | D:4      | Reached XP level 7. HP: 7/61 MP: 7/7
  4026 | D:4      | Reached skill level 7 in Axes
  4205 | D:5      | Entered Level 5 of the Dungeon
  4316 | D:5      | Found a staircase to the Ecumenical Temple.
  4612 | D:5      | Reached skill level 8 in Axes
  4676 | D:5      | Reached XP level 8. HP: 68/68 MP: 8/8
  4932 | D:6      | You fall into a shaft and drop 1 floor!
  4955 | D:7      | Found the amulet of Elemental Vulnerability {rPois rF--
                  | rC-- AC+8}
  4957 | D:7      | Noticed a wyvern
  4962 | D:7      | Killed a wyvern
  4963 | D:7      | Reached skill level 9 in Axes
  5278 | D:6      | Reached skill level 5 in Shields
  5371 | D:6      | Noticed necrobotica's ghost (novice SpEn)
  5383 | D:6      | Found a transporter.
  5388 | D:6      | Found a transporter.
  5437 | D:6      | Reached skill level 10 in Axes
  5647 | D:6      | Reached XP level 9. HP: 26/75 MP: 9/9
  5665 | D:6      | Killed necrobotica's ghost
  5666 | D:6      | Reached skill level 11 in Axes
  5862 | D:7      | Reached * piety under Ashenzari
  5960 | D:7      | Found a sparkling altar of Nemelex Xobeh.
  5960 | D:7      | Found an opulent altar of Gozag.
  6008 | D:7      | Found Niengi's General Store.
  6604 | D:7      | Reached skill level 12 in Axes
  6630 | D:7      | HP: 2/80 [yak (13)]
  6632 | D:7      | Slain by a yak

Illustrated notes

Levels and vault maps discovered:
D:1:      amcnicky_arrival_double_pillar, layout_basic,
          chequers_ecumenical_altar_lobes, hangedman_decor_growths,
          chequers_arboretum
D:2:      layout_basic, serial_co_window_serial, co_window_corner_a,
          co_window_paths_a, co_window_paths_b, co_window_paths_a,
          co_window_paths_b, co_window_paths_a, co_window_paths_b,
          co_window_unsneaky_path_e, co_window_corner_b, co_window_corner_cb,
          co_window_broadway_a, co_window_broadway_c, co_window_corner_cb,
          co_window_broadway_a, co_window_4corner_a, glass_columns_c,
          glass_columns_c, serial_shops, shop, uniq_terence
D:3:      layout_loops_corners, grunt_temple_overflow_octagram, serial_shops,
          shop_fountains, grunt_decor_arrowhead, chequers_avenue
D:4:      layout_basic, minmay_misc_feat_chi, uniq_grinder, uniq_eustachio
D:5:      layout_loops_ring, minmay_temple_entry_grid
D:6:      layout_rooms, gammafunk_ghost_hive, minmay_misc_feat_rows,
          chequers_serial_rivers_micro_b
D:7:      layout_loops_cross, grunt_temple_overflow_opulence, serial_shops, shop
D:8:      layout_cave_pools, minmay_pinched_square, uniq_pikel

Skill      XL: |  1  2  3  4  5  6  7  8  9 |
---------------+----------------------------+-----
Fighting       | 4 5 6 |  6.8
Axes           | 3 4 6 8 10 12 | 12.1
Armour         | 4 5 6 7 |  7.0
Dodging        | 1 2 |  2.2
Shields        | 4 5 |  5.6
Stealth        | |  0.3
Evocations     | |  0.8

Action                     |  1- 3 |  4- 6 |  7- 9 || total
---------------------------+-------+-------+-------++-------
  Melee: War axe           |    23 |       |       ||    23
         Broad axe         |    29 |    83 |   201 ||   313
 Invoke: Curse Item        |       |       |     2 ||     2
  Evoke: Wand              |       |       |     2 ||     2
    Use: Potion            |       |     6 |     4 ||    10
         Scroll            |       |     4 |       ||     4
 Armour: Scale mail        |    21 |    57 |     1 ||    79
         Skin              |       |     7 |     3 ||    10
         Chain mail        |       |       |   137 ||   137
  Dodge: Dodged            |    23 |    49 |    85 ||   157
  Block: Buckler           |    12 |    18 |    54 ||    84

Table legend: (Time is in decaauts)
 A = Elapsed time spent in this place.
 B = Non-inter-level travel time spent in this place.
 C = Inter-level travel time spent in this place.
 D = Time resting spent in this place.
 E = Time spent auto-exploring this place.
 F = Levels seen in this place.
 G = Mean time per level.
                   A        B        C        D        E       F      G
               +--------+--------+--------+--------+--------+-----+--------+
         Total |   6704 |   6027 |    677 |     12 |   4736 |   8 |  838.0 |
       Dungeon |   6704 |   6027 |    677 |     12 |   4736 |   8 |  838.0 |
               +--------+--------+--------+--------+--------+-----+--------+

Top non-repeatable levels by time:
     D:3: 1397 daAuts
     D:2: 1171 daAuts
     D:7: 931 daAuts
     D:1: 927 daAuts
     D:4: 826 daAuts
     D:6: 784 daAuts
     D:5: 661 daAuts
     D:8: 6 daAuts
